 Dungeon Crawl Stone Soup version 0.31.0-32-g396128a36d (webtiles) character file.

Game seed: 9642939179343131835

7274 SheepSpotted the Warrior (level 11, 0/109 (113) HPs)
             Began as a Hill Orc Gladiator on Apr 10, 2024.
             Was a Believer of Beogh.
             Slain by a spectral orc knight
             ... wielding a +0 great mace
             ... summoned by Nergalle
              (17 damage)
             ... on level 10 of the Dungeon on Apr 11, 2024.
             The game lasted 00:26:26 (9805 turns).

SheepSpotted the Warrior (Hill Orc Gladiator)       Turns: 9805, Time: 00:26:27

HP:   0/109 (113)   AC: 29    Str: 22    XL:     11   Next: 12%
MP:   23/23         EV:  7    Int: 11    God:    Beogh [**....]
Gold: 630           SH:  0    Dex: 12    Spells: 10/10 levels left

rFire   . . .        a - +1 war axe (protect)
rCold   . . .        (no shield)
rNeg    . . .        K - +0 plate armour
rPois   .            w - +1 helmet {Int+3}
rElec   .            G - +1 cloak {rCorr}
rCorr   +            v - +0 pair of gloves
SInv    .            o - +1 pair of boots
Will    .....        f - amulet of the acrobat Stlth
                     y - ring of magical power
HPRegen 0.38/turn    (no ring)
MPRegen 0.18/turn

%: acrobat
@: lethally poisoned (0 -> -5), under a protective aura, lightly drained
A: no striking features
a: Renounce Religion, Smiting


You were on level 10 of the Dungeon.
You worshipped Beogh.
Beogh was pleased with you.
You visited 1 branch of the dungeon, and saw 10 of its levels.

You collected 909 gold pieces.
You spent 279 gold pieces at shops.

Inventory:

Hand Weapons
 a - a +1 war axe of protection (weapon)
 F - a +4 quarterstaff of chaos
 J - a +2 trident of draining
Missiles
 d - 5 throwing nets
 e - a javelin
 k - 27 poisoned darts
 x - 6 boomerangs
Armour
 b - a +0 leather armour
 c - a +0 helmet
 h - +0 steam dragon scales
 o - a +1 pair of boots (worn)
 v - a +0 pair of gloves (worn)
 w - a +1 helmet of intelligence (worn)
 G - a +1 cloak of preservation (worn)
 K - a +0 plate armour (worn)
Jewellery
 f - an amulet of the acrobat (around neck)
 y - a ring of magical power (left hand)
Wands
 j - a wand of quicksilver (6)
 A - a wand of flame (21)
Scrolls
 g - 2 scrolls of fog
 i - a scroll of teleportation {unknown}
 r - a scroll of poison {unknown}
 s - a scroll of amnesia
 t - a scroll of vulnerability
 C - a scroll of silence {unknown}
 D - 2 scrolls of summoning {unknown}
 E - a scroll of fear {unknown}
 L - a scroll of torment
Potions
 l - 3 potions of degeneration
 m - a potion of mutation
 n - a potion of ambrosia {unknown}
 p - a potion of attraction {unknown}
 q - a potion of haste {unknown}
 u - a potion of enlightenment {unknown}
 z - a potion of magic {unknown}
 B - 2 potions of resistance {unknown}
 H - 2 potions of heal wounds {unknown}
 I - 2 potions of cancellation (quivered)


   Skills:
 * Level 15.5 Fighting
 * Level 13.7 Axes
 + Level 6.7 Throwing
 + Level 8.6 Armour
 - Level 2.4 Dodging
 + Level 4.3 Invocations


You had 10 spell levels left.
You didn't know any spells.
Your spell library contained the following spells:

 Spells                   Type           Power      Damage    Failure   Level
 Ozocubu's Armour         Ice            0%         N/A       100%        3
 Leda's Liquefaction      Alch/Erth      0%         N/A       100%        4
 Lee's Rapid Deconstruct  Erth           0%         3d4*      100%        5
 Metabolic Englaciation   Hex/Ice        0%         N/A       100%        5
 Bombard                  Conj/Erth      0%         9d1       100%        6
 Sculpt Simulacrum        Ice/Alch       0%         N/A       100%        6


Dungeon Overview and Level Annotations

Branches:
Dungeon (10/15)            Temple (0/1) D:5
   Lair: D:8-11         Orc: D:9-12

Altars:
Dithmenos
Elyvilon
Gozag
Hepliaklqana
Kikubaaqudgha
Makhleb
Ru
Sif Muna
Trog
Wu Jian
Xom
Yredelemnul
The Shining One

Shops:
D:5 [*

Annotations:
D:10 Nergalle


Message History

The spectral orc knight hits you with a +0 great mace!
You feel drained.
The spectral orc warrior hits you from afar with a +0 halberd.
You feel drained.
You miss the killer bee. You hit the spectral orc knight.
You hit the spectral orc warrior.
You feel sick.
The killer bee stings you but does no damage.
The spectral orc knight completely misses you.
The spectral orc warrior hits you but does no damage.
The spectral orc warrior hits you from afar with a +0 halberd!
You barely miss Nergalle.
You barely miss the spectral orc warrior.
You hit the spectral orc knight but do no damage.
You feel sick.
The spectral orc warrior hits you from afar with a +0 halberd.
The spectral orc warrior hits you but does no damage.
The spectral orc knight hits you with a +0 great mace!
* * * LOW HITPOINT WARNING * * *
You hit Nergalle.
Nergalle is lightly wounded.
You hit the spectral orc knight but do no damage.
You hit the spectral orc warrior but do no damage.
You feel sick. Nergalle hits you but does no damage.
You are more poisoned.
You hit Nergalle.
Nergalle is lightly wounded.
You barely miss the spectral orc knight.
You hit the spectral orc warrior.
You feel sick.
The spectral orc warrior completely misses you.
The spectral orc warrior hits you from afar with a +0 halberd.
* * * LOW HITPOINT WARNING * * *
The spectral orc knight hits you but does no damage.
Nergalle hits you but does no damage.
You slash Nergalle!
Nergalle is moderately wounded.
You hit the spectral orc knight but do no damage.
You hit the spectral orc warrior.
You feel sick.
The spectral orc knight hits you with a +0 great mace!
You die...
Beogh appreciates the spectral orc knight's killing of a heretic priest.

### ## #<#
.. #.# .# #
#.# .# ...
#Z##y#.....
#Z@oy....#
####Z#.#...
.# .. ..#
..# ..# .##


You could see Nergalle, 2 spectral orc warriors, a spectral orc knight
(summoned) and 2 killer bees.

Vanquished Creatures
  Erolcha (D:10)
  An unseen horror (D:7)
  Jeremiah (D:8)
  A troll (D:9)
  A hornet (D:7)
  A wraith (D:6)
  6 yaks (D:8)
  2 wyverns
  Grum (D:8)
  3 steam dragons
  3 sky beasts
  2 black bears
  3 orc warriors
  2 centaurs
  2 ogres
  2 wolves (D:8)
  A phantom (D:5)
  A bullfrog (D:4)
  A kobold brigand (D:7)
  5 wights
  A scorpion (D:5)
  13 killer bees
  4 hounds
  7 orc priests
  Crazy Yiuf (D:6)
  2 sleepcaps
  5 iguanas
  3 orc wizards
  7 gnolls
  8 adders
  2 shadow imps
  2 white imps (D:7)
  A dart slug (D:2)
  A ribbon worm (D:3)
  12 orcs
  3 ball pythons
  A bat (D:2)
  11 endoplasms
  2 giant cockroaches
  6 hobgoblins
  11 jackals
  15 kobolds
  6 quokkas
  3 frilled lizards
  3 goblins
  6 rats
176 creatures vanquished.

Vanquished Creatures (others)
  A bullfrog (D:7)
1 creature vanquished.

Grand Total: 177 creatures vanquished

Notes
Turn   | Place    | Note
-------+----------+-------------------------------------------
     0 | D:1      | SheepSpotted the Hill Orc Gladiator began the quest for the
                  | Orb.
     0 | D:1      | Reached XP level 1. HP: 18/18 MP: 1/1
   352 | D:1      | Reached skill level 1 in Armour
   352 | D:1      | Reached XP level 2. HP: 16/25 MP: 2/2
   678 | D:1      | Found a faded altar of an unknown god.
  1206 | D:2      | Reached XP level 3. HP: 26/30 MP: 3/3
  1535 | D:2      | Found a bloodstained altar of Trog.
  2214 | D:3      | Reached skill level 3 in Fighting
  2246 | D:3      | Reached XP level 4. HP: 36/38 MP: 4/4
  2826 | D:4      | Noticed a black bear
  2830 | D:4      | Reached skill level 5 in Axes
  2833 | D:4      | Killed a black bear
  2834 | D:4      | Reached XP level 5. HP: 37/45 MP: 5/5
  2974 | D:4      | Reached XP level 6. HP: 23/52 MP: 6/6
  3360 | D:4      | Reached skill level 4 in Fighting
  3442 | D:4      | Found a hazy altar of Hepliaklqana.
  3499 | D:4      | Reached XP level 7. HP: 47/59 MP: 7/7
  3625 | D:4      | Found a shimmering blue altar of Sif Muna.
  3897 | D:5      | Entered Level 5 of the Dungeon
  3897 | D:5      | Found Iblig's Antique Armour Shop.
  3900 | D:5      | Bought a glowing helmet for 187 gold pieces
  4132 | D:5      | Found a staircase to the Ecumenical Temple.
  4188 | D:5      | Became a worshipper of Beogh the Brigand
  4319 | D:5      | Found Eshranuh's Fire Supplies.
  4371 | D:5      | Bought a wand of flame (11) for 92 gold pieces
  4575 | D:5      | Found a sacrificial altar of Ru.
  4586 | D:5      | Reached skill level 5 in Armour
  4914 | D:5      | Identified a scroll of acquirement
  4914 | D:5      | Acquired a manual of Fighting
  4919 | D:5      | Reached skill level 12 in Fighting
  4919 | D:5      | Reached skill level 5 in Throwing
  4919 | D:5      | Reached XP level 8. HP: 48/85 MP: 7/8
  5104 | D:6      | Found a shimmering altar of Xom.
  5109 | D:6      | Noticed a wyvern
  5118 | D:6      | Killed a wyvern
  5119 | D:6      | Reached skill level 13 in Fighting
  5122 | D:6      | Reached XP level 9. HP: 65/93 MP: 9/9
  5298 | D:6      | Found a shadowy altar of Dithmenos.
  5325 | D:6      | Found a basalt altar of Yredelemnul.
  5574 | D:6      | Found a runed translucent door.
  5575 | D:6      | Noticed Crazy Yiuf
  5582 | D:6      | Killed Crazy Yiuf
  5853 | D:7      | Found an opulent altar of Gozag.
  5927 | D:7      | Found a burning altar of Makhleb.
  5930 | D:7      | Found a bloodstained altar of Trog.
  5931 | D:7      | Found a glowing golden altar of the Shining One.
  5938 | D:7      | Found an ancient bone altar of Kikubaaqudgha.
  6536 | D:7      | Killed an unseen horror
  6537 | D:7      | Reached skill level 1 in Invocations
  6744 | D:7      | Noticed a hornet
  6762 | D:7      | Killed a hornet
  6766 | D:7      | Reached skill level 14 in Fighting
  6767 | D:7      | Reached * piety under Beogh
  6955 | D:7      | Found an ornate altar of the Wu Jian Council.
  6969 | D:7      | Reached XP level 10. HP: 97/103 MP: 11/11
  7233 | D:8      | Noticed Grum
  7242 | D:8      | Killed Grum
  7333 | D:8      | Noticed Jeremiah
  7422 | D:8      | Killed Jeremiah
  8217 | D:8      | Reached ** piety under Beogh
  8218 | D:8      | Reached skill level 15 in Fighting
  8343 | D:8      | Found a white marble altar of Elyvilon.
  9392 | D:9      | Reached XP level 11. HP: 74/112 MP: 14/14
  9781 | D:10     | Entered Level 10 of the Dungeon
  9785 | D:10     | Noticed Erolcha
  9789 | D:10     | Noticed Nergalle
  9795 | D:10     | Killed Erolcha
  9805 | D:10     | Slain by a spectral orc knight

Illustrated notes

Levels and vault maps discovered:
D:1:      enne_arrival_octagon_isle, layout_loops_corners, serial_bayou,
          serial_bayou_ford_a, serial_bayou_pond_a, serial_bayou_pond_a,
          serial_bayou_crossing, serial_bayou_pond_d,
          shapermc_ecumenical_altar_starsandcircs, minmay_misc_feat_doors,
          minmay_misc_feat_rows
D:2:      layout_loops_ring, basic_altar, kennysheep_generic_room_14
D:3:      wad_lake_hut, layout_loops_ring
D:4:      minmay_polygon_palace, layout_rooms, kennysheep_mini,
          nicolae_hepliaklqana_hazy_memory, hex_tiny,
          chequers_serial_rivers_micro_d
D:5:      layout_basic, nicolae_ru_sacrificial_ziggurat,
          minmay_temple_entry_mist, serial_shops, nicolae_stop_n_shop_2,
          nicolae_shop_fire_sale [nicolae_sub_dead_trees], water_boxes_lemuel
D:6:      layout_rooms, mainiacjoe_overflow_catwalk, overflow_temple_1_default,
          lemuel_doored_altar, uniq_crazy_yiuf_cottage
D:7:      layout_layer_cave, grunt_gozag_breadcrumbs,
          nicolae_overflow_macrodata_refinement,
          mainiacjoe_overflow_small_starburst
D:8:      layout_basic, elyvilon_altar_3, uniq_jeremiah, uniq_grum
D:9:      layout_cave_pools
D:10:     layout_basic, dk_vineyard_1, kennysheep_generic_room_9, uniq_nergalle,
          uniq_erolcha, uniq_joseph

Skill      XL: |  1  2  3  4  5  6  7  8  9 10 |
---------------+-------------------------------+-----
Armour         | 1 2 3 4 7 8 |  8.6
Throwing       | 2 3 5 6 |  6.7
Fighting       | 3 4 12 13 14 15 | 15.5
Axes           | 5 6 11 12 13 | 13.7
Invocations    | 2 4 |  4.3
Dodging        | |  2.4

Action                     |  1- 3 |  4- 6 |  7- 9 | 10-12 || total
---------------------------+-------+-------+-------+-------++-------
  Melee: War axe           |    91 |    84 |   176 |   303 ||   654
         Punch             |     1 |       |     2 |     5 ||     8
 Invoke: Convert to Beogh  |       |       |     1 |       ||     1
  Evoke: Wand              |       |       |     3 |     1 ||     4
    Use: Scroll            |     7 |       |    10 |     2 ||    19
         Potion            |       |       |     5 |       ||     5
   Stab: Sleeping          |     1 |       |       |       ||     1
 Armour: Leather armour    |    68 |    76 |    77 |       ||   221
         Steam dragon scal |       |       |   166 |   103 ||   269
         Skin              |       |       |    30 |       ||    30
         Plate armour      |       |       |       |   162 ||   162
  Dodge: Dodged            |    61 |    72 |   123 |   158 ||   414
